 Dungeon Crawl Stone Soup version 0.19-a0-28-g8794423 (webtiles) character file.

8330 tyvek the Cleaver (level 11, -9/102 HPs)
             Began as a Minotaur Berserker on May 2, 2016.
             Was a High Priest of Trog.
             Mangled by a hill giant
             ... wielding a +0 giant club
              (13 damage)
             ... on level 10 of the Dungeon.
             The game lasted 00:19:27 (9493 turns).

tyvek the Cleaver (Minotaur Berserker)              Turns: 9493, Time: 00:19:28

Health: -9/102     AC: 17    Str: 24    XL:     11   Next: 8%
Magic:  10/10      EV:  8    Int:  4    God:    Trog [*****.]
Gold:   609        SH:  0    Dex: 11    Spells: 0 memorised, 10 levels left

rFire  . . .     SeeInvis +     L - +3 executioner's axe (flame)
rCold  . . .     Gourm    +     e - +1 plate armour
rNeg   . . .     Faith    .     (shield currently unavailable)
rPois  .         Spirit   .     (helmet restricted)
rElec  .         Dismiss  .     r - +0 cloak
rCorr  .         Reflect  .     (no gloves)
SustAt .         Harm     .     (no boots)
MR     ++...                    n - amulet of the gourmand {Gourm, !d}
Stlth  ..........               (no ring)
                                F - ring of see invisible {sInv, !d}

@: exhausted, regenerating, slowed, very slow, very resistant to hostile
enchantments, extremely unstealthy
A: retaliatory headbutt, horns 2
a: Berserk, Trog's Hand, Brothers in Arms, Burn Spellbooks, Renounce Religion


You were on level 10 of the Dungeon.
You worshipped Trog.
Trog was extremely pleased with you.
You were hungry.

You visited 1 branch of the dungeon, and saw 10 of its levels.
You also visited: Bailey.

You collected 609 gold pieces.

Inventory:

Hand Weapons
 L - a +3 executioner's axe of flaming (weapon)
   (Trog gifted it to you in a bailey)
Armour
 e - a +1 plate armour (worn)
   (You found it on level 1 of the Dungeon)
 r - a +0 cloak (worn)
   (You found it on level 8 of the Dungeon)
Jewellery
 n - an amulet of the gourmand (around neck) {Gourm, !d}
   (You found it on level 2 of the Dungeon)
 F - a ring of see invisible (left hand) {sInv, !d}
   (You found it on level 7 of the Dungeon)
Wands
 k - a wand of polymorph (12/24)
   (You found it on level 9 of the Dungeon)
 A - a wand of polymorph (9/24)
   (You found it on level 7 of the Dungeon)
 D - a wand of paralysis (8/24)
   (You found it on level 8 of the Dungeon)
 H - a wand of disintegration (16/24)
   (You found it on level 7 of the Dungeon)
 I - a wand of disintegration (13/24)
   (You found it on level 10 of the Dungeon)
Scrolls
 d - 2 scrolls of recharging
 i - 7 scrolls of remove curse
 t - 4 scrolls of magic mapping {!r}
 u - 2 scrolls of fear
 v - 2 scrolls of enchant weapon
 x - 3 scrolls of teleportation
 y - 3 scrolls of fog
Potions
 a - 2 potions of magic
 b - 8 potions of curing
 f - a potion of flight
 g - 2 potions of cure mutation {unknown}
 j - a potion of invisibility {unknown}
 l - 14 potions of degeneration {!q}
 m - 2 potions of might {unknown}
 p - 2 potions of resistance
 q - 3 potions of lignification {!q}
 s - a potion of mutation {unknown}
 w - 2 potions of brilliance {unknown}
 C - a potion of ambrosia {unknown}
 E - 4 potions of heal wounds {unknown}
 K - a potion of haste {unknown}
Books
 J - a book of Misfortune
   (You found it on level 10 of the Dungeon)
Comestibles
 c - 10 bread rations {@e1}
 o - 2 meat rations {@e2}
 B - 8 fruits
 G - a slice of pizza


   Skills:
 + Level 11.0 Fighting
 + Level 13.8 Axes
 + Level 11.0 Armour
 - Level 2.1 Dodging


You had 10 spell levels left.
You didn't know any spells.

Dungeon Overview and Level Annotations

Branches:
Dungeon (10/15)            Temple (0/1) D:6            Lair (0/8) D:9
    Orc: D:9-12

Altars:
Ashenzari
Dithmenos
Elyvilon
Fedhas
Gozag
Kikubaaqudgha
Makhleb
Pakellas
Sif Muna
Trog
Xom
Yredelemnul
Zin

Shops:
D:10 :


Innate Abilities, Weirdness & Mutations

You reflexively headbutt those who attack you in melee.
You have a pair of horns on your head.


Message History

The hungry ghost hits you.
You feel somewhat more hungry.
You continue eating.
The hungry ghost hits you.
You are starving!
You take 1 damage, and have 95/102 hp.
Eat a chunk of flesh {@w0}? (ye/n/q/i?) This raw flesh tastes great.
You are feeling very hungry.
The hungry ghost hits you.
You are near starving!
You continue eating.
The hungry ghost hits you.
You feel somewhat more hungry.
You continue eating.
The hungry ghost hits you.
You are starving!
Eat which item? (? for menu, Esc to quit)
You can't eat that!
Eat which item? (? for menu, Esc to quit)
The hungry ghost completely misses you.
You continue eating.
The hungry ghost completely misses you.
You continue eating.
The hungry ghost hits you.
You feel a lot more hungry.
You finish eating.
That bread ration really hit the spot!
You closely miss the hungry ghost. You headbutt the hungry ghost.
The hungry ghost hits you.
You feel a lot more hungry.
You closely miss the hungry ghost. The hungry ghost hits you.
You are feeling hungry.
You hit the hungry ghost. You burn the hungry ghost.
Your headbutt misses the hungry ghost. The hungry ghost hits you.
You are feeling very hungry.
The hungry ghost hits you.
You are near starving!
Your skin crawls.
You feel resistant to hostile enchantments.
You feel slightly more hungry. The hungry ghost hits you.
You are starving!
Eat which item? (? for menu, Esc to quit)
The hungry ghost hits you.
You feel a lot more hungry.
You continue eating.
The hungry ghost hits you.
You feel a lot more hungry.
You continue eating.
The hungry ghost hits you.
You are feeling hungry.
You finish eating.
That bread ration really hit the spot!
A red film seems to cover your vision as you go berserk!
You feel yourself moving faster!
You feel mighty!
You are feeling very hungry.
The hungry ghost hits you.
You feel quite a bit more hungry.
You now have 149/153 hp.
You slice the hungry ghost!! You burn the hungry ghost.
You destroy the hungry ghost!
Your Armour skill increases to level 11!
You are no longer berserk.
You are exhausted.
You feel yourself slow down.
You are starving!
You now have 101/102 hp.
You hit the hill giant. You burn the hill giant.
The hill giant hits you with a giant club!
You take 10 damage, and have 91/102 hp.
You open the hill giant like a pillowcase!!!
You burn the hill giant.
You headbutt the hill giant, but do no damage.
The hill giant hits you with a giant club.
The hill giant barely misses you.
Your plate armour prevents you from hitting the hill giant.
The hill giant hits you with a giant club!
You take 6 damage, and have 86/102 hp.
You hit the hill giant but do no damage.
You headbutt the hill giant, but do no damage.
The hill giant hits you with a giant club!! x2
You take 36 damage, and have 50/102 hp.
MASSIVE DAMAGE!!
Eat which item? (? for menu, Esc to quit)
You are feeling hungry.
The hill giant hits you but does no damage.
That beef jerky was jerk-a-riffic!
You regained 2 hp, and now have 52/102 hp.
You barely miss the hill giant.
The hill giant hits you with a giant club!!
* * * LOW HITPOINT WARNING * * *
The hill giant closely misses you.
You take 24 damage, and have 28/102 hp.
MASSIVE DAMAGE!!
You barely miss the hill giant. You headbutt the hill giant!
The hill giant hits you with a giant club!
* * * LOW HITPOINT WARNING * * *
You take 5 damage, and have 23/102 hp.
You hit the hill giant. You burn the hill giant.
The hill giant hits you but does no damage.
The hill giant hits you with a giant club!!
* * * LOW HITPOINT WARNING * * *
You take 21 damage, and have 2/102 hp.
MASSIVE DAMAGE!!
Drink which item? (? for menu, Esc to quit)
It was a potion of magic.
Magic courses through your body.
You feel the effects of Trog's Hand fading.
The hill giant hits you with a giant club!
You die...

** *,*,,,* *,* #[##.##.## ## *
*,*,*** *,* #.##.##.# # * *,*,*
*,* #.#...#.# # ** *,*,*****,*
#..#.#..## ## ,** *,,,,,,,,,*
#........# ##. ,,*****,*******
#........# ##.. ,,,** *,*,**
#.##.#.#.####...
,,,,***,,..#######.##......##....
,<,,+,,,,.....HC@...........'....
,,,,***,,....#####.###.....##....
,,,** *,*.**,* #.........###...
,,** **,****,* #########.# ##..
,** *,,,***,* #.# ##. **
*,,,,,,,* #.# ## * *,,,**,,*
#.###### * **,***,,* #.#..... **
*,,,,,,* #.#.####


You could see a hill giant and a hippogriff.

Vanquished Creatures
  An unseen horror (D:10)
  The ghost of erazure the Skirmisher, a novice MiBe of Trog (D:6)
  A spiny frog (D:9)
  The ghost of Aak the Frost Mage, a novice MfIE of Sif Muna (D:5)
  Grinder (D:5)
  3 yaks (D:9)
  A wyvern (D:8)
  2 hungry ghosts (D:10)
  The ghost of Raderak the Ducker, an amateur DsGl (D:3)
  The ghost of Snicker the Sneak, an amateur DsAs (D:4)
  A porcupine (D:9)
  A water moccasin (D:8)
  Duvessa (D:6)
  An ice beast (D:8)
  A wasp (D:10)
  3 sky beasts
  4 orc warriors
  A black bear (D:10)
  A necrophage (D:10)
  6 ogres
  A phantom (D:5)
  4 centaurs
  A crocodile (D:8)
  2 big kobolds (D:8)
  3 giant frogs
  Dowan (D:6)
  A gnoll sergeant (D:7)
  A water moccasin zombie (D:8)
  3 scorpions
  8 killer bees (D:7)
  5 wights (D:10)
  A howler monkey (D:8)
  A crimson imp (D:7)
  A centaur zombie (D:6)
  3 hounds
  3 giant frog zombies
  3 jellies
  A centaur skeleton (D:9)
  4 giant frog skeletons
  10 orc priests
  14 orc wizards
  Ijyb (D:3)
  2 iguanas
  Natasha (D:3)
  11 worker ants
  3 hound skeletons
  2 worker ant zombies
  10 adders
  22 gnolls
  A river rat (D:9)
  A shadow imp (D:8)
  An adder zombie (D:5)
  2 adder skeletons
  8 dart slugs
  4 worms
  8 giant geckos
  33 orcs
  7 ball pythons
  5 giant cockroaches
  16 goblins
  16 hobgoblins
  35 kobolds
  4 quokkas
  10 bats
  7 giant newts
  A quokka zombie (D:8)
  6 rats
321 creatures vanquished.

Vanquished Creatures (others)
  Jessica (D:3)
  An orc (D:5)
2 creatures vanquished.

Grand Total: 323 creatures vanquished

Notes
Turn   | Place    | Note
--------------------------------------------------------------
     0 | D:1      | tyvek the Minotaur Berserker began the quest for the Orb.
     0 | D:1      | Reached XP level 1. HP: 19/19 MP: 0/0
    62 | D:1      | HP: 5/20 [hobgoblin (4)]
    64 | D:1      | Reached skill level 4 in Axes
    65 | D:1      | Reached XP level 2. HP: 7/27 MP: 1/1
   393 | D:1      | Reached ** piety under Trog
   393 | D:1      | Reached skill level 4 in Fighting
   538 | D:1      | Reached XP level 3. HP: 31/33 MP: 2/2
   676 | D:2      | Found an opulent altar of Gozag.
   763 | D:2      | Found a shadowy altar of Dithmenos.
   773 | D:2      | Reached skill level 3 in Armour
   775 | D:2      | Reached XP level 4. HP: 19/41 MP: 3/3
   781 | D:2      | Reached skill level 5 in Axes
  1374 | D:2      | Found a burning altar of Makhleb.
  1454 | D:2      | Reached XP level 5. HP: 47/47 MP: 4/4
  1682 | D:3      | Noticed Ijyb
  1698 | D:3      | Killed Ijyb
  1698 | D:3      | Reached skill level 5 in Fighting
  1734 | D:3      | Reached *** piety under Trog
  1847 | D:3      | Noticed Raderak's ghost (amateur DsGl)
  1860 | D:3      | Killed Raderak's ghost
  1860 | D:3      | Reached skill level 6 in Axes
  1860 | D:3      | Reached skill level 4 in Armour
  1860 | D:3      | Reached XP level 6. HP: 53/56 MP: 5/5
  2229 | D:3      | Noticed Jessica
  2245 | D:3      | Killed Jessica
  2265 | D:3      | Found a deep blue altar of Sif Muna.
  2492 | D:3      | Noticed Natasha
  2494 | D:3      | Killed Natasha
  2896 | D:4      | Noticed Snicker's ghost (amateur DsAs)
  2918 | D:4      | Killed Snicker's ghost
  2918 | D:4      | Reached skill level 7 in Axes
  2918 | D:4      | Reached XP level 7. HP: 61/62 MP: 6/6
  3080 | D:4      | Reached skill level 6 in Fighting
  3080 | D:4      | Reached skill level 5 in Armour
  3396 | D:5      | Entered Level 5 of the Dungeon
  3396 | D:5      | Noticed Aak's ghost (novice MfIE)
  3403 | D:5      | Killed Aak's ghost
  3403 | D:5      | Reached skill level 8 in Axes
  3559 | D:5      | Reached skill level 6 in Armour
  3559 | D:5      | Reached XP level 8. HP: 49/71 MP: 7/7
  3565 | D:5      | Reached skill level 9 in Axes
  3573 | D:5      | Reached skill level 7 in Fighting
  3705 | D:5      | HP: 16/109 [orc warrior/long sword (16)]
  3953 | D:5      | Noticed Grinder
  3961 | D:5      | Killed Grinder
  3961 | D:5      | Reached skill level 10 in Axes
  4017 | D:5      | Found a shimmering altar of Xom.
  4090 | D:5      | Reached skill level 7 in Armour
  4196 | D:5      | Reached **** piety under Trog
  4652 | D:5      | Reached XP level 9. HP: 79/81 MP: 8/8
  4871 | D:6      | Reached skill level 8 in Fighting
  4894 | D:6      | Noticed erazure's ghost (novice MiBe)
  4909 | D:6      | Killed erazure's ghost
  4909 | D:6      | Reached skill level 11 in Axes
  5098 | D:6      | Found a shadowy altar of Dithmenos.
  5163 | D:6      | Reached skill level 8 in Armour
  5306 | D:6      | Found a staircase to the Ecumenical Temple.
  5372 | D:6      | Found a bloodstained altar of Trog.
  5431 | D:6      | Found a sand-covered staircase.
  5431 | D:6      | Noticed Duvessa
  5431 | D:6      | Noticed Dowan
  5439 | D:6      | Killed Duvessa
  5445 | D:6      | Killed Dowan
  5698 | D:7      | Found a white marble altar of Elyvilon.
  5868 | D:7      | Reached skill level 12 in Axes
  5877 | D:7      | Reached skill level 9 in Fighting
  6098 | D:7      | HP: 29/124 [orc priest/divine providence (12)]
  6102 | D:7      | Reached skill level 9 in Armour
  6103 | D:7      | HP: 26/124 [orc priest/divine providence (15)]
  6189 | D:7      | Got a pitted long sword
  6217 | D:7      | Identified the cursed +1 long sword of Bankruptcy {flame, Str+4 Dex+4} (You found it on level 7 of the Dungeon)
  6630 | D:7      | Reached XP level 10. HP: 90/91 MP: 9/9
  6762 | D:7      | Found a glowing silver altar of Zin.
  6885 | D:8      | Found a blossoming altar of Fedhas.
  6957 | D:8      | Reached ***** piety under Trog
  7023 | D:8      | Found an ancient bone altar of Kikubaaqudgha.
  7038 | D:8      | Found a basalt altar of Yredelemnul.
  7316 | D:8      | Found an oddly glowing altar of Pakellas.
  7541 | D:9      | Found a shattered altar of Ashenzari.
  7685 | D:9      | Reached skill level 13 in Axes
  7897 | D:9      | Reached skill level 10 in Armour
  7901 | D:9      | Reached skill level 10 in Fighting
  8090 | D:9      | Found a staircase to the Lair.
  8099 | D:9      | Noticed a spiny frog
  8113 | D:9      | Killed a spiny frog
  8185 | D:10     | Entered Level 10 of the Dungeon
  8668 | D:10     | Found a flagged portal.
  8696 | Bailey   | Entered a bailey
  8708 | Bailey   | Received a gift from Trog
  9286 | D:10     | Found Dofafad's Book Shop.
  9334 | D:10     | Noticed an unseen horror
  9339 | D:10     | Killed an unseen horror
  9339 | D:10     | Reached skill level 11 in Fighting
  9339 | D:10     | Reached XP level 11. HP: 102/102 MP: 10/10
  9451 | D:10     | Noticed a hill giant
  9484 | D:10     | Reached skill level 11 in Armour
  9491 | D:10     | HP: 23/102 [hill giant/giant club (8)]
  9492 | D:10     | HP: 2/102 [hill giant/giant club (23)]
  9493 | D:10     | Mangled by a hill giant

Vault maps used:
D:1:      shiori_arrival_elements, minmay_distorted
D:2:      grunt_gozag_statues, old_standard_altar, makhleb_blood_cavern_becter
D:3:      tgw_sif, first_bread, minmay_shallow_snake_nest, uniq_iyjb,
          uniq_natasha
D:5:      kennysheep_slugbush, xom_teletrap_fun, uniq_grinder
D:6:      lemuel_doored_altar, minmay_temple_entry_glassed_door,
          chequers_ossuary_entry_cave, nicolae_dithmenos_shadow_blocks,
          uniq_duvessa
D:7:      kennysheep_little_box, old_standard_altar
D:8:      overflow_temple_1_default, kiku_gazebo_garden_becter, fedhas_altar_1,
          yredelemnul_altar_generic
D:9:      lemuel_crystal_altar, dpeg_lair_monsters
D:10:     enter_bailey_7, serial_shops, shop
Bailey:   bailey_axe_2, bailey

Skill      XL: |  1  2  3  4  5  6  7  8  9 10 11 |
---------------+----------------------------------+-----
Axes           | 4 5 6 7 8 10 12 13 | 13.8
Fighting       | 4 5 6 7 9 11 | 11.0
Armour         | 3 4 6 7 9 10 11 | 11.0
Dodging        | |  2.1

Action                   |  1- 3 |  4- 6 |  7- 9 | 10-12 || total
-------------------------+-------+-------+-------+-------++-------
Melee: Hand axe          |    69 |   133 |   406 |   178 ||   786
       Headbutt          |    15 |    20 |    77 |    71 ||   183
       Broad axe         |       |       |       |    55 ||    55
       Executioner's axe |       |       |       |    73 ||    73
Invok: Trog's Hand       |       |     2 |     6 |     8 ||    16
       Berserk           |       |     1 |     7 |     8 ||    16
       Burn Spellbooks   |       |     1 |       |       ||     1
  Use: Scroll            |       |     8 |     8 |     2 ||    18
       Potion            |       |       |       |     1 ||     1
  Eat: Chunk             |       |    10 |    38 |    27 ||    75
       Bread ration      |       |       |       |     2 ||     2
       Beef jerky        |       |       |       |     1 ||     1
Armor: Animal skin       |     1 |       |       |       ||     1
       Plate armour      |    47 |    79 |   239 |   192 ||   557
Dodge: Dodged            |    36 |    47 |   120 |   147 ||   350

Vault maps used:
D:1:      shiori_arrival_elements, minmay_distorted
D:2:      grunt_gozag_statues, old_standard_altar, makhleb_blood_cavern_becter
D:3:      tgw_sif, first_bread, minmay_shallow_snake_nest, uniq_iyjb,
          uniq_natasha
D:5:      kennysheep_slugbush, xom_teletrap_fun, uniq_grinder
D:6:      lemuel_doored_altar, minmay_temple_entry_glassed_door,
          chequers_ossuary_entry_cave, nicolae_dithmenos_shadow_blocks,
          uniq_duvessa
D:7:      kennysheep_little_box, old_standard_altar
D:8:      overflow_temple_1_default, kiku_gazebo_garden_becter, fedhas_altar_1,
          yredelemnul_altar_generic
D:9:      lemuel_crystal_altar, dpeg_lair_monsters
D:10:     enter_bailey_7, serial_shops, shop
Bailey:   bailey_axe_2, bailey

Table legend:
 A = Turns spent in this place as a percentage of turns spent in the entire game.
 B = Non-inter-level travel turns spent in this place as a percentage of non-inter-level travel turns spent in the entire game.
 C = Inter-level travel turns spent in this place as a percentage of turns spent in this place.
 D = Turns resting spent in this place as a percentage of non-inter-level travel turns spent in this place.
 E = Turns spent auto-exploring this place as a percentage of non-inter-level travel turns spent in this place.
 F = Non-inter-level travel turns spent in this place divided by the number of levels of this place that you've seen.
                   A       B       C       D       E      F
               +-------+-------+-------+-------+-------+----------------------
         Total | 100.0 | 100.0 |   0.4 |   2.6 |  11.8 | 284.3
       Dungeon |  93.8 |  93.8 |   0.4 |   2.5 |  11.6 | 293.3
        Bailey |   6.2 |   6.2 |   0.0 |   3.6 |  15.5 | 194.0
               +-------+-------+-------+-------+-------+----------------------

Table legend:
 A = Kills in this place as a percentage of kills in entire the game.
 B = Kills by you in this place as a percentage of kills by you in the entire game.
 C = Kills by friends in this place as a percentage of kills by friends in the entire game.
 D = Other kills in this place as a percentage of other kills in the entire game.
 E = Experience gained in this place as a percentage of experience gained in the entire game.
 F = Experience gained in this place divided by the number of levels of this place that you have seen.
                   A       B       C       D       E      F
               +-------+-------+-------+-------+-------+----------------------
         Total | 100.0 | 100.0 |  -nan |  -nan | 100.0 | 1081.8
       Dungeon |  89.4 |  89.4 |  -nan |  -nan |  97.0 | 1154.3
        Bailey |  10.6 |  10.6 |  -nan |  -nan |   3.0 | 357.0
               +-------+-------+-------+-------+-------+----------------------
